 Dungeon Crawl Stone Soup version 0.29-a0-82-g837932c90e (webtiles) character file.

Game seed: 9459233810066542327

2331 lordive the Covert (level 9, -9/44 HPs)
             Began as a Spriggan Enchanter on Feb 5, 2022.
             Was a Believer of Dithmenos.
             Mangled by a death yak (25 damage)
             ... on level 8 of the Dungeon.
             The game lasted 00:17:05 (9441 turns).

lordive the Covert (Spriggan Enchanter)             Turns: 9441, Time: 00:17:06

Health: -9/44      AC:  3    Str:  4    XL:     9   Next: 19%
Magic:  16/17      EV: 20    Int: 20    God:    Dithmenos [**....]
Gold:   382        SH:  0    Dex: 16    Spells: 10/18 levels left

rFire   . . .      SeeInvis +   w - +2 dagger (flame)
rCold   . . .      Faith    .   (no shield)
rNeg    . . .      Spirit   .   b - +0 robe
rPois   .          Reflect  .   (helmet restricted)
rElec   .          Harm     .   I - +0 cloak
rCorr   .          Rampage  .   (gloves unavailable)
Will    +....                   (boots unavailable)
Stlth   +++++.....              (no amulet)
HPRegen 0.14/turn               (no ring)
MPRegen 0.15/turn               (no ring)

@: wreathed by umbra, very quick
A: very small, no large weapons, unfitting armour, see invisible, speed 3
a: Renounce Religion, Shadow Step


You were on level 8 of the Dungeon.
You worshipped Dithmenos.
Dithmenos was pleased with you.
You visited 2 branches of the dungeon, and saw 9 of its levels.
You also visited: Sewer.

You collected 395 gold pieces.
You spent 13 gold pieces at shops.

Inventory:

Hand Weapons
 j - a +1 dagger of distortion
 l - a +2 dagger of venom
 w - a +2 dagger of flaming (weapon)
 E - a +0 vampiric short sword
 K - a +2 short sword of venom
Armour
 b - a +0 robe (worn)
 r - a +0 buckler
 C - +0 swamp dragon scales
 I - a +0 cloak (worn)
Magical Staves
 n - a staff of air
Jewellery
 u - an amulet of faith
 x - a ring of protection from fire
 F - a +4 ring of protection
Wands
 h - a wand of polymorph (6)
 p - a wand of flame (18)
 s - a wand of acid (16)
 y - a wand of digging (8)
Scrolls
 d - 4 scrolls of amnesia
 e - 2 scrolls of immolation
 f - 3 scrolls of fear
 g - 3 scrolls of vulnerability {unknown}
 i - a scroll of fog {unknown}
 k - a scroll of teleportation {unknown}
 m - 3 scrolls of magic mapping {unknown}
 o - 3 scrolls of summoning {unknown}
 v - a scroll of holy word {unknown}
 B - a scroll of blinking {unknown}
 D - 2 scrolls of brand weapon {unknown}
 G - a scroll of enchant armour {unknown}
Potions
 a - 6 potions of curing
 c - 2 potions of invisibility
 q - 4 potions of heal wounds
 t - 2 potions of might
 z - 4 potions of brilliance
 A - a potion of attraction
 H - 3 potions of ambrosia {unknown}
 J - a potion of haste {unknown}


   Skills:
 * Level 3.2 Fighting
 * Level 4.4 Short Blades
 * Level 2.8 Armour
 * Level 5.9 Dodging
 + Level 9.4 Stealth
 * Level 2.2 Shields
 + Level 5.1 Spellcasting
 * Level 6.8 Hexes
 - Level 1.7 Ice Magic


You had 10 spell levels left.
You knew the following spells:

 Your Spells              Type           Power      Damage    Failure   Level
a - Ensorcelled Hibernat  Hex/Ice        44%        N/A       3%          2
b - Confusing Touch       Hex            32%        N/A       1%          3
c - Tukima's Dance        Hex            32%        N/A       1%          3

Your spell library contained the following spells:

 Spells                   Type           Power      Damage    Failure   Level
 Dazzling Flash           Conj/Hex       36%        N/A       9%          3
 Static Discharge         Conj/Air       5%         N/A       17%         2
 Gell's Gravitas          Tloc           5%         N/A       34%         3
 Lesser Beckoning         Tloc           5%         N/A       34%         3
 Stone Arrow              Conj/Erth      10%        3d7       34%         3
 Teleport Other           Tloc           5%         N/A       34%         3
 Yara's Violent Unravell  Hex/Tmut       9%         3d6       61%         5
 Animate Armour           Summ/Erth      10%        N/A       75%         4
 Dispel Undead            Necr           5%         3d7       75%         4
 Sticky Flame             Conj/Fire      5%         2d3       75%         4
 Enfeeble                 Hex            16%        N/A       99%         7
 Lehudib's Crystal Spear  Conj/Erth      2%         10d2      100%        8


Dungeon Overview and Level Annotations

Branches:
Dungeon (8/15)             Temple (1/1) D:4            Lair (0/6) D:8
  Sewer (visited)

Altars:
Ashenzari
Cheibriados
Dithmenos
Elyvilon
Fedhas
Hepliaklqana
Makhleb
Okawaru
Qazlal
Ru
Trog
Uskayaw
Vehumet
Xom
Yredelemnul
Zin
The Shining One

Shops:
D:6 *   D:7 !


Innate Abilities, Weirdness & Mutations

You are very small and have problems with some larger weapons.
You are too small for most types of armour.
You have supernaturally acute eyesight. (SInv)
You cover ground extremely quickly. (Speed+++)


Message History

Found a hunting sling.
There are monsters nearby!
There are monsters nearby! 2 death yaks, an orc and a two-headed ogre come into view.
Found a staircase to the Lair.
An orc and an orc priest come into view.
Unknown command. 2 death yaks come into view.
A death yak comes into view.
The death yak bellows!
You hear a bellow!
The death yak bellows!
The orc shouts!
You hear a bellow!
There is a stone staircase leading down here.
Casting: Ensorcelled Hibernation (safe; 3% risk of failure)
Confirm with . or Enter, or press ? or * to list all spells.
You don't know that spell.
Okay, then.
Unknown command.
Casting: Ensorcelled Hibernation (safe; 3% risk of failure)
Confirm with . or Enter, or press ? or * to list all spells.
Aiming: Ensorcelled Hibernation (safe; 3% risk of failure)
Press: ? - help, Shift-Dir - straight line, f - death yak
Aim: a death yak (chance to affect: 3%)
Okay, then.
Casting: Ensorcelled Hibernation (safe; 3% risk of failure)
Confirm with . or Enter, or press ? or * to list all spells.
Your hands begin to glow red.
Casting: Confusing Touch (safe; 1% risk of failure)
Confirm with . or Enter, or press ? or * to list all spells.
Okay, then.
Unknown command.
Things that are here:
a +0 short sword; 5 poisoned darts; a kobold corpse
There is a stone staircase leading up here.
You hit the death yak but do no damage.
Your hands stop glowing.
The death yak gores you!!
Ouch! That really hurt!
The death yak gores you!!
Ouch! That really hurt!
You die...

##### ##.
#...#.... .#
##...#....
...###.@......#
#...YY.....##
###......###
#..Y....#
#.(....##
#.)O..##
##....##
#....## #...##


You could see 3 death yaks and a two-headed ogre.

Vanquished Creatures
  Maggie (D:6)
  An orc warrior (D:6)
  An ice beast (D:5)
  2 ogres
  A sky beast (D:6)
  2 centaurs (D:7)
  A kobold brigand (D:8)
  2 scorpions
  2 bullfrogs
  3 water moccasin zombies
  5 wights
  2 centaur zombies
  A bullfrog zombie (D:5)
  2 hounds
  An orc priest (D:4)
  A jelly (D:5)
  Terence (D:3)
  3 iguanas
  Ijyb (D:3)
  2 orc wizards
  2 killer bee zombies (D:7)
  A hound zombie (D:3)
  2 hound skeletons (D:4)
  9 adders
  4 gnolls (D:5)
  A river rat (Sewer)
  A shadow imp (D:6)
  2 worms
  4 dart slugs
  22 orcs
  10 ball pythons
  9 endoplasms
  6 giant cockroaches
  2 goblins
  4 hobgoblins
  7 kobolds
  2 quokkas
  9 bats
  11 rats
143 creatures vanquished.

Notes
Turn   | Place    | Note
-------+----------+-------------------------------------------
     0 | D:1      | lordive the Spriggan Enchanter began the quest for the Orb.
     0 | D:1      | Reached XP level 1. HP: 9/9 MP: 5/5
   217 | D:1      | Reached XP level 2. HP: 13/13 MP: 6/6
   220 | D:1      | Learned a level 2 spell: Ensorcelled Hibernation
   736 | D:1      | Reached skill level 5 in Stealth
   847 | D:1      | Found a faded altar of an unknown god.
  1018 | D:2      | Reached XP level 3. HP: 17/17 MP: 8/8
  1988 | D:2      | Reached XP level 4. HP: 21/21 MP: 6/9
  1992 | D:2      | Learned a level 3 spell: Confusing Touch
  1996 | D:2      | Learned a level 3 spell: Tukima's Dance
  2219 | D:3      | Noticed Terence
  2226 | D:3      | Killed Terence
  2227 | D:3      | Reached skill level 1 in Fighting
  2256 | D:3      | Reached XP level 5. HP: 15/25 MP: 6/10
  2404 | D:3      | Reached skill level 1 in Armour
  2404 | D:3      | Reached skill level 6 in Stealth
  2457 | D:3      | Found a basalt altar of Yredelemnul.
  2911 | D:3      | Noticed Ijyb
  3211 | D:3      | Killed Ijyb
  3212 | D:3      | Reached XP level 6. HP: 30/30 MP: 4/11
  4205 | D:4      | Found a staircase to the Ecumenical Temple.
  4226 | Temple   | Entered the Ecumenical Temple
  4474 | Temple   | Became a worshipper of Dithmenos the Shadowed
  5197 | D:4      | Reached skill level 5 in Hexes
  5794 | D:5      | Entered Level 5 of the Dungeon
  5796 | D:5      | Reached skill level 1 in Ice Magic
  6034 | D:5      | Reached XP level 7. HP: 27/34 MP: 10/13
  6102 | D:5      | Reached skill level 7 in Stealth
  6371 | D:5      | Reached * piety under Dithmenos
  6372 | D:5      | Reached skill level 1 in Shields
  6447 | D:5      | Reached XP level 8. HP: 17/39 MP: 13/15
  6658 | D:5      | Reached skill level 5 in Dodging
  7132 | D:6      | Reached skill level 8 in Stealth
  7299 | D:6      | Identified the +3 leather armour "Nurixiny" {Harm Str+3
                  | Dex+5}
  7305 | D:6      | Noticed Maggie
  7309 | D:6      | Killed Maggie
  7470 | D:6      | Found a glowing drain.
  7474 | Sewer    | Entered a sewer
  8021 | Sewer    | Reached ** piety under Dithmenos
  8131 | D:6      | Reached skill level 9 in Stealth
  8177 | D:6      | Found Udyrch Tuest's Assorted Antiques.
  8781 | D:7      | Reached XP level 9. HP: 44/44 MP: 17/17
  8790 | D:7      | Found Ydotuqed's Distillery.
  8798 | D:7      | Bought a potion of degeneration for 13 gold pieces
  9014 | D:7      | Reached skill level 5 in Spellcasting
  9100 | D:7      | Found a snail-covered altar of Cheibriados.
  9400 | D:8      | Noticed a death yak
  9401 | D:8      | Noticed a death yak
  9401 | D:8      | Noticed a death yak
  9401 | D:8      | Noticed a two-headed ogre
  9402 | D:8      | Found a staircase to the Lair.
  9404 | D:8      | Noticed a death yak
  9404 | D:8      | Noticed a death yak
  9405 | D:8      | Noticed a death yak
  9441 | D:8      | Mangled by a death yak

Illustrated notes

Levels and vault maps discovered:
D:1:      dpeg_arrival_solitude, layout_loops_ring,
          chequers_ecumenical_altar_lobes
D:2:      layout_basic
D:3:      layout_basic, nicolae_yredelemnul_corpse_copse, dk_noncrumbling_3,
          uniq_ijyb, uniq_terence
D:4:      layout_loops_ring, minmay_temple_entry_arrows
D:5:      layout_loops_ring, nicolae_ossuary_entry_plus
D:6:      layout_loops_cross, gup_sewer_entry_bowl, serial_shops,
          nicolae_square_shop, uniq_maggie
D:7:      layout_basic, lemuel_tele_altar, serial_shops,
          nicolae_shop_temple_entry_statues_fountains
D:8:      layout_cave_pods, dpeg_lair_monsters, uniq_maurice
Temple:   regret_index_temple_generic_petals

Skill      XL: |  1  2  3  4  5  6  7  8  9 |
---------------+----------------------------+-----
Hexes          | 4 5 6 |  6.8
Stealth        | 5 6 7 9 |  9.4
Dodging        | 3 4 5 |  5.9
Short Blades   | 2 3 4 |  4.4
Fighting       | 1 2 3 |  3.2
Spellcasting   | 3 4 5 |  5.1
Armour         | 1 2 |  2.8
Ice Magic      | 1 |  1.7
Shields        | 1 2 |  2.2

Action                   |  1- 3 |  4- 6 |  7- 9 || total
-------------------------+-------+-------+-------++-------
Melee: Dagger            |    77 |   153 |   134 ||   364
       Punch             |     1 |     2 |     1 ||     4
 Cast: Ensorcelled Hiber |    19 |    57 |    53 ||   129
       Confusing Touch   |       |     7 |     8 ||    15
       Tukima's Dance    |       |     2 |     1 ||     3
  Use: Potion            |       |     1 |       ||     1
       Scroll            |       |       |     7 ||     7
 Stab: Sleeping          |    29 |    33 |    49 ||   111
       Distracted        |     1 |       |     1 ||     2
       Confused          |       |    10 |     6 ||    16
Armor: Robe              |    13 |    14 |     2 ||    29
Dodge: Dodged            |    60 |   121 |   112 ||   293

Table legend: (Time is in decaauts)
 A = Elapsed time spent in this place.
 B = Non-inter-level travel time spent in this place.
 C = Inter-level travel time spent in this place.
 D = Time resting spent in this place.
 E = Time spent auto-exploring this place.
 F = Levels seen in this place.
 G = Mean time per level.
                   A        B        C        D        E       F      G
               +--------+--------+--------+--------+--------+-----+--------+
         Total |   7427 |   7217 |    210 |   1032 |   4973 |  10 |  742.7 |
       Dungeon |   6571 |   6404 |    167 |    733 |   4586 |   8 |  821.4 |
        Temple |    296 |    254 |     42 |    116 |    129 |   1 |  296.0 |
         Sewer |    559 |    559 |      0 |    183 |    257 |   1 |  559.0 |
               +--------+--------+--------+--------+--------+-----+--------+

Top non-repeatable levels by time:
     D:3: 1743 daAuts
     D:4: 1098 daAuts
     D:5: 936 daAuts
     D:2: 824 daAuts
     D:6: 758 daAuts
     D:1: 732 daAuts
   Sewer: 559 daAuts
     D:7: 378 daAuts
  Temple: 296 daAuts
     D:8: 98 daAuts
